 Dungeon Sprint DCSS version 0.27-a0-1193-g8631133539 (webtiles) character file.

Game seed: 4826518768570787353

21128 rocky1 the Peltast (level 13, 0/100 (108) HPs)
             Began as a Formicid Fighter on May 26, 2021.
             Was the Champion of Qazlal.
             Killed from afar by a shadow dragon (30 damage)
             ... with a bolt of negative energy
             ... in the Dungeon (Sprint V: "Ziggurat Sprint").
             The game lasted 00:17:18 (2405 turns).

rocky1 the Peltast (Formicid Fighter)               Turns: 2405, Time: 00:17:19

HP:   0/100 (108)   AC: 28    Str: 36    XL:     13   Next: 17%
MP:   25/25         EV: 11    Int:  9    God:    Qazlal [******]
Gold: 0             SH: 35    Dex: 10    Spells: 12/12 levels left

rFire    + + +     SeeInvis +   t - +6 battleaxe of Esuqutis {spect, rElec rF+ Will+ Int+3}
rCold    + . .     Faith    .   I - +3 tower shield
rNeg     . . .     Spirit   .   S - +10 plate armour of the Lily {Will+ Str+4}
rPois    +         Reflect  .   (helmet unavailable)
rElec    +         Harm     .   E - +0 cloak {rPois}
rCorr    .         Rampage  +   a - +0 pair of gloves of Parlour Games {Rampage rElec Int-2 Stlth+}
Will     +++..                  (no boots)
Stlth    ..........             s - amulet "Niezaar" {Acrobat rF++ rC+}
HPRegen  0.26/turn              v - +6 ring of strength
MPRegen  0.19/turn              (no ring)

@: drained, repel missiles
A: permanent stasis, dig shafts and tunnels, antennae 3, four strong arms
a: Dig, Renounce Religion, Upheaval, Elemental Force, Disaster Area


You were in the Dungeon.
You worshipped Qazlal.
Qazlal was exalted by your worship.
You visited 1 branch

Inventory:

Hand Weapons
 t - the +6 battleaxe of Esuqutis (weapon) {spect, rElec rF+ Will+ Int+3}
   (You found it in the Dungeon)

   When it strikes, its spirit leaps out and fights alongside the wielder.
   It affects your intelligence (+3).
   It protects you from fire.
   It insulates you from electricity.
   It increases your willpower.
 A - the +7 Singing Sword {vorpal, sonic wave}
   (You found it in the Dungeon)

   It inflicts extra damage upon your enemies.
 C - the +8 lance "Wyrmbane" {slay drac, rPois rF+ rC+ AC+3}
   (You found it in the Dungeon)

   It affects your AC (+3).
   It protects you from fire.
   It protects you from cold.
   It protects you from poison.
 D - the +8 storm bow {elec, penet}
   (You found it in the Dungeon)

   It charges the ammunition it shoots with electricity; occasionally upon a
   hit, such missiles may discharge and cause terrible harm.
   Ammo fired by it passes through the targets it hits, potentially hitting all
   targets in its path until it reaches maximum range.
 G - a +5 executioner's axe
 P - a +3 great sword of holy wrath
Missiles
 b - 2 throwing nets
Armour
 a - the +0 pair of gloves of Parlour Games (worn) {Rampage rElec Int-2 Stlth+}
   (You found it in the Dungeon)

   It affects your intelligence (-2).
   It insulates you from electricity.
   It bestows one free step when moving towards enemies.
   It makes you more stealthy.
 E - a +0 cloak of poison resistance (worn)
 I - a +3 tower shield (worn)
 J - a +5 crystal plate armour
 K - +5 gold dragon scales
 M - the +18 shield of the Gong {rElec rN+ Will+ EV-5}
   (You found it in the Dungeon)

   It affects your evasion (-5).
   It insulates you from electricity.
   It protects you from negative energy.
   It increases your willpower.
 S - the +10 plate armour of the Lily (worn) {Will+ Str+4}
   (You found it in the Dungeon)

   It affects your strength (+4).
   It increases your willpower.
Jewellery
 k - the ring "Haucalin" {rPois Dex+7}
   (You found it in the Dungeon)

   [ring of poison resistance]

   It affects your dexterity (+7).
   It protects you from poison.
 q - a ring of protection from cold
 s - the amulet "Niezaar" (around neck) {Acrobat rF++ rC+}
   (You took it off a red devil in the Dungeon)

   [amulet of the acrobat]

   It increases your evasion while moving and waiting.
   It greatly protects you from fire.
   It protects you from cold.
 u - a +6 ring of strength
 v - a +6 ring of strength (left hand)
 B - the ring of Ecarhucw {rF+ rC+}
   (You found it in the Dungeon)

   [ring of protection from fire]

   It protects you from fire.
   It protects you from cold.
 F - an amulet of regeneration
 N - the macabre finger necklace {rN+}
   (You found it in the Dungeon)

   [amulet of nothing]

   It enables you to equip an extra ring.
   It protects you from negative energy.
 Q - a ring of protection from fire
Wands
 w - a wand of mindburst (7)
 x - a wand of iceblast (7)
 y - a wand of acid (7)
Scrolls
 l - 4 scrolls of amnesia
 m - 7 scrolls of fog
 n - a scroll of holy word
 o - 5 scrolls of identify
 p - 2 scrolls of fear
 O - 3 scrolls of brand weapon
Potions
 d - 2 potions of might
 e - 7 potions of curing
 f - 3 potions of heal wounds
 g - 7 potions of magic
 h - 2 potions of brilliance
 i - 2 potions of invisibility
 j - 3 potions of resistance
Miscellaneous
 c - a phial of floods
 r - a phantom mirror
 z - a lightning rod (4/4)


   Skills:
 + Level 12.1 Fighting
 + Level 15.7 Axes
 + Level 11.4 Armour
 + Level 9.3 Dodging
 + Level 18.4 Shields
 + Level 17.5 Invocations
 - Level 5.1 Evocations


You had 12 spell levels left.
You didn't know any spells.
Your spell library contained the following spells:

 Spells                   Type           Power      Damage    Failure   Level
 Foxfire                  Conj/Fire      0%         2x1d4     90%         1
 Freeze                   Ice            0%         1d3       90%         1
 Shock                    Conj/Air       0%         1d3       90%         1
 Summon Small Mammal      Summ           0%         N/A       90%         1
 Call Imp                 Summ           0%         N/A       97%         2
 Static Discharge         Conj/Air       0%         N/A       97%         2
 Call Canine Familiar     Summ           0%         N/A       99%         3
 Conjure Flame            Conj/Fire      0%         6-21      99%         3
 Frozen Ramparts          Ice            0%         1d2       99%         3
 Gell's Gravitas          Tloc           0%         N/A       99%         3
 Ignite Poison            Fire/Tmut/Pois 0%         N/A       99%         3
 Inner Flame              Hex/Fire       0%         N/A       99%         3
 Ozocubu's Armour         Ice            0%         N/A       99%         3
 Portal Projectile        Hex/Tloc       0%         N/A       99%         3
 Summon Guardian Golem    Hex/Summ       0%         N/A       99%         3
 Airstrike                Air            0%         N/A       100%        4
 Animate Armour           Summ/Erth      0%         N/A       100%        4
 Animate Dead             Necr           0%         N/A       100%        4
 Dispel Undead            Necr           0%         3d6       100%        4
 Hailstorm                Conj/Ice       0%         3d3       100%        4
 Ice Form                 Ice/Tmut       0%         N/A       100%        4
 Leda's Liquefaction      Hex/Erth       0%         N/A       100%        4
 Passage of Golubria      Tloc           N/A        N/A       100%        4
 Sticky Flame             Conj/Fire      0%         2d3       100%        4
 Summon Ice Beast         Ice/Summ       0%         N/A       100%        4
 Summon Lightning Spire   Summ/Air       0%         N/A       100%        4
 Agony                    Necr           0%         N/A       100%        5
 Bolt of Magma            Conj/Fire/Erth 0%         4d4       100%        5
 Borgnjor's Vile Clutch   Necr/Erth      0%         N/A       100%        5
 Fireball                 Conj/Fire      0%         3d3       100%        5
 Hydra Form               Tmut           0%         N/A       100%        5
 Irradiate                Conj/Tmut      0%         3d13      100%        5
 Lightning Bolt           Conj/Air       0%         1d11      100%        5
 Manifold Assault         Tloc           0%         N/A       100%        5
 Metabolic Englaciation   Hex/Ice        0%         N/A       100%        5
 Summon Mana Viper        Hex/Summ       0%         N/A       100%        5
 Yara's Violent Unravell  Hex/Tmut       0%         3d3       100%        5
 Blade Hands              Tmut           0%         N/A       100%        6
 Conjure Ball Lightning   Conj/Air       0%         3x3d6     100%        6
 Death Channel            Necr           0%         N/A       100%        6
 Dispersal                Tloc           0%         N/A       100%        6
 Iron Shot                Conj/Erth      0%         9d1       100%        6
 Simulacrum               Ice/Necr       0%         N/A       100%        6
 Starburst                Conj/Fire      0%         8x6d3     100%        6
 Statue Form              Tmut/Erth      0%         N/A       100%        6
 Dragon Form              Tmut           0%         N/A       100%        7
 Borgnjor's Revivificati  Necr           0%         N/A       100%        8
 Disjunction              Tloc           0%         N/A       100%        8
 Ignition                 Fire           0%         3d3       100%        8
 Infestation              Necr           0%         N/A       100%        8
 Necromutation            Tmut/Necr      0%         N/A       100%        8
 Death's Door             Necr           0%         N/A       100%        9
 Shatter                  Erth           0%         3d5*      100%        9
 Tornado                  Air            0%         N/A       100%        9


Dungeon Overview and Level Annotations

Branches:
Dungeon (1/1)

Altars:
Ashenzari
Cheibriados
Dithmenos
Elyvilon
Fedhas
Gozag
Hepliaklqana
Kikubaaqudgha
Makhleb
Nemelex Xobeh
Okawaru
Qazlal
Ru
Sif Muna
Trog
Uskayaw
Vehumet
Wu Jian
Xom
Yredelemnul
Zin
The Shining One
Beogh
Jiyva
Lugonu

Annotations:
D 1 transporter


Innate Abilities, Weirdness & Mutations

You cannot be hasted, slowed, berserked, paralysed or teleported.
You can dig through walls and to a lower floor.
You have a pair of large antennae on your head. (SInv)
Your four strong arms can wield two-handed weapons with a shield.


Message History

Your spectral weapon hits the soul eater.
The soul eater barely misses your spectral weapon.
You hit the soul eater.
The soul eater is heavily wounded.
You barely miss the shadow dragon.
Your spectral weapon hits the shadow dragon!!
Your spectral weapon hits the soul eater!
You block the soul eater's attack.
The soul eater draws from the surrounding life force!
The soul eater is healed.
You hit the soul eater.
The soul eater is severely wounded.
You slash the shadow dragon!
Your spectral weapon hits the shadow dragon!
Your spectral weapon hits the soul eater.
You block the shadow dragon's attack. x3
The soul eater draws from the surrounding life force!
The soul eater is healed.
You are too injured to fight recklessly!
You are too injured to fight recklessly!
Unknown command.
You slice the shadow dragon!!
The shadow dragon is heavily wounded.
You hit the soul eater but do no damage.
Your spectral weapon hits the soul eater.
Your spectral weapon barely misses the shadow dragon.
The soul eater is struck by lightning.
You block the shadow dragon's attack. x2
The shadow dragon claws you! The soul eater barely misses you.
The soul eater hits your spectral weapon!
Your spectral weapon shares its damage with you!
* * * LOW HITPOINT WARNING * * *
You completely miss the shadow dragon.
The shadow dragon is heavily wounded.
You catch the helpless soul eater completely off-guard!
You slash the soul eater! x2
Your spectral weapon hits the soul eater.
Your spectral weapon closely misses the shadow dragon.
The shadow dragon breathes negative energy at you.
The bolt of negative energy hits you!!
You feel drained.
You die...

▓..†.....▓.
▓....8©8....▓........▓.
▓..|}|:):)..▓........▓.
▓...[)=)}:..▓...©....▓.
▓...........▓▓▓▓▓▓▓▓▓▓▓
▓...........▓...8©8...▓
▓....○§°°...▓...[.....▓
▓....3D3°...▓...})....▓
▓○○@(.▓ ▓.........▓
▓▓...▓▓ ▓.........▓
▓..▓§°°..▓..▓.........▓
▓.....©.....▓....)....▓
▓▓▓▓▓▓▓▓▓▓▓▓▓.▓.|)).▓.▓
▓....8©8....▓....©....▓
▓........"..▓▓▓▓▓▓▓▓▓▓▓
▓...||}.....▓...8©8...▓
▓.....).....▓...[=.)..▓


You could see a shadow dragon (catching breath), 2 soul eaters and a friendly +6
battleaxe of Esuqutis {spect, rElec rF+ Will+ Int+3} (summoned).

Vanquished Creatures
  A lich (D)
  2 azure jellies (D)
  An ironbound preserver (D)
  A yaktaur captain (D)
  A great orb of eyes (D)
  2 vault guards (D)
  An ironbound frostheart (D)
  A vampire mage (D)
  2 dancing weapons (D)
  A thrashing horror (D)
  A deep elf knight (D)
  A hell hog (D)
  A necromancer (D)
  A wizard (D)
  A deep elf archer (D)
  2 deep elf pyromancers (D)
  A smoke demon (D)
  An eye of devastation (D)
  A hellion (D)
  A yaktaur (shapeshifter) (D)
  A red devil (D)
  9 merfolk (D)
  A wind drake (D)
  3 slime creatures (D)
  A shadow (D)
  2 wraiths (D)
  A hell hound (D)
  2 floating eyes (D)
  A necrophage (D)
  2 centaurs (D)
  An earth elemental (D)
  3 wights (D)
  A quasit (D)
  An iron imp (D)
  3 jellies (D)
  An adder (D)
  2 river rats (D)
  4 shadow imps (D)
  A white imp (D)
  2 ufetubi (D)
  5 adder zombies (D)
  An adder skeleton (D)
  2 bat zombies (D)
  3 endoplasms (D)
  3 ball pythons (D)
  2 ball python skeletons (D)
  A ball python zombie (D)
  4 giant cockroach zombies (D)
  2 jackal zombies (D)
  A quokka skeleton (D)
  A quokka zombie (D)
  A spectral ball python (D)
  A spectral giant cockroach (D)
  A spectral jackal (D)
94 creatures vanquished.

Vanquished Creatures (collateral kills)
  2 vault guards (D)
2 creatures vanquished.

Grand Total: 96 creatures vanquished

Notes
Turn   | Place    | Note
-------+----------+-------------------------------------------
     0 | D        | rocky1 the Formicid Fighter began the quest for the Orb.
     0 | D        | Reached XP level 1. HP: 18/18 MP: 1/1
     0 | D        | Found a shimmering blue altar of Sif Muna.
     0 | D        | Found a bloodstained altar of Trog.
     0 | D        | Found a sacrificial altar of Ru.
     0 | D        | Found a stormy altar of Qazlal.
     0 | D        | Found an iron altar of Okawaru.
     1 | D        | Found a sparkling altar of Nemelex Xobeh.
     1 | D        | Found a blossoming altar of Fedhas.
     2 | D        | Found the +6 Majin-Bo {vamp, MP+6 Int+6}
     2 | D        | Found the +9 heavy crossbow "Sniper" {vorpal, Acc+∞ SInv}
     2 | D        | Found the +10 dark maul {vorpal}
     2 | D        | Found the +15 Maxwell's patent armour {-Cast -Tele rElec
                  | Will+ rCorr}
     2 | D        | Found the +18 shield of the Gong {rElec rN+ Will+ EV-5}
     2 | D        | Found the +14 obsidian axe {vorpal, Drain Fly SInv}
     2 | D        | Found the +7 great mace "Firestarter" {inner flame, rF++}
     2 | D        | Found the +6 shillelagh "Devastator" {shatter}
     2 | D        | Found the +11 plutonium sword {Contam Stlth-}
     2 | D        | Found the +8 lance "Wyrmbane" {slay drac, rPois rF+ rC+
                  | AC+3}
     2 | D        | Found the +9 sword of Zonguldrok {reap}
     2 | D        | Found the +13 scythe of Curses {drain, Drain}
     2 | D        | Found the +5 sword of Power {vorpal}
     2 | D        | Found the +7 mace of Variability {chain chaos}
     2 | D        | Found the +7 Singing Sword {vorpal, sonic wave}
     2 | D        | Found the +8 storm bow {elec, penet}
     3 | D        | Found a transporter.
     3 | D        | Found an ancient bone altar of Kikubaaqudgha.
     3 | D        | Found a viscous altar of Jiyva.
     3 | D        | Found a corrupted altar of Lugonu.
     3 | D        | Found a hazy altar of Hepliaklqana.
     3 | D        | Found a burning altar of Makhleb.
     3 | D        | Found an opulent altar of Gozag.
     6 | D        | Reached skill level 5 in Fighting
     6 | D        | Reached skill level 6 in Shields
     6 | D        | Reached XP level 2. HP: 28/28 MP: 2/2
    80 | D        | Became a worshipper of Qazlal Stormbringer
   114 | D        | Entered arena 2.
   114 | D        | Found a transporter.
   115 | D        | Found the macabre finger necklace {rN+}
   117 | D        | Reached skill level 1 in Invocations
   117 | D        | Reached XP level 3. HP: 34/34 MP: 3/3
   132 | D        | Got the Incunabulum of Dark Rituals
   136 | D        | Entered arena 3.
   136 | D        | Noticed a hell hound
   136 | D        | Found a transporter.
   139 | D        | Killed a hell hound
   139 | D        | Reached * piety under Qazlal
   139 | D        | Reached ** piety under Qazlal
   140 | D        | Reached skill level 5 in Axes
   140 | D        | Reached skill level 5 in Armour
   140 | D        | Reached skill level 7 in Shields
   140 | D        | Reached XP level 4. HP: 39/41 MP: 3/6
   140 | D        | Reached XP level 5. HP: 45/47 MP: 3/7
   156 | D        | Entered arena 4.
   156 | D        | Found a transporter.
   161 | D        | Reached *** piety under Qazlal
   176 | D        | Entered arena 5.
   176 | D        | Found a transporter.
   188 | D        | Got the +10 plate armour of the Lily {Will+ Str+4}
   207 | D        | Entered arena 6.
   207 | D        | Noticed a floating eye
   207 | D        | Noticed a slime creature
   207 | D        | Found a transporter.
   210 | D        | Killed a floating eye
   210 | D        | Reached **** piety under Qazlal
   211 | D        | Reached skill level 8 in Shields
   211 | D        | Reached XP level 6. HP: 53/55 MP: 9/9
   212 | D        | Reached skill level 5 in Invocations
   216 | D        | Killed a slime creature
   216 | D        | Reached ***** piety under Qazlal
   217 | D        | Reached skill level 9 in Shields
   217 | D        | Reached XP level 7. HP: 58/62 MP: 9/11
   246 | D        | Entered arena 7.
   246 | D        | Noticed a wind drake
   246 | D        | Noticed a merfolk
   246 | D        | Noticed a merfolk
   246 | D        | Noticed a merfolk
   246 | D        | Noticed a merfolk
   246 | D        | Noticed a merfolk
   248 | D        | Found a transporter.
   256 | D        | Killed a merfolk
   257 | D        | Reached skill level 5 in Dodging
   257 | D        | Reached XP level 8. HP: 24/69 MP: 11/13
   257 | D        | Killed a wind drake
   258 | D        | Reached skill level 10 in Shields
   258 | D        | Killed a merfolk
   261 | D        | Killed a merfolk
   269 | D        | Killed a merfolk
   270 | D        | Reached XP level 9. HP: 25/78 MP: 13/15
   278 | D        | Killed a merfolk
   279 | D        | Reached skill level 5 in Evocations
   297 | D        | Got the ring "Haucalin" {rPois Dex+7}
   702 | D        | Entered arena 8.
   702 | D        | Noticed a merfolk
   702 | D        | Noticed a merfolk
   702 | D        | Noticed a merfolk
   702 | D        | Noticed a merfolk
   705 | D        | Killed a merfolk
   705 | D        | Killed a merfolk
   705 | D        | Reached ****** piety under Qazlal
   706 | D        | Reached skill level 11 in Shields
   706 | D        | Found a transporter.
   709 | D        | Killed a merfolk
   710 | D        | Reached skill level 10 in Axes
   710 | D        | Reached skill level 12 in Shields
   710 | D        | Reached skill level 10 in Invocations
   715 | D        | Killed a merfolk
   792 | D        | Entered arena 9.
   792 | D        | Noticed a deep elf pyromancer
   792 | D        | Noticed a deep elf archer
   792 | D        | Noticed a deep elf pyromancer
   792 | D        | Noticed a deep elf knight
   792 | D        | Noticed a +0 dire flail of venom
   792 | D        | Noticed a +0 glaive of protection
   802 | D        | Killed a deep elf pyromancer
   803 | D        | Reached XP level 10. HP: 36/85 MP: 2/18
   803 | D        | Killed a deep elf knight
   803 | D        | Killed a deep elf pyromancer
   804 | D        | Reached skill level 13 in Shields
   805 | D        | Found a transporter.
   814 | D        | Killed a deep elf archer
   815 | D        | Reached skill level 14 in Shields
   816 | D        | HP: 1/85 [+0 dire flail of venom (19)]
   823 | D        | Killed a +0 glaive of protection
   827 | D        | Killed a +0 dire flail of venom
   828 | D        | Reached XP level 11. HP: 21/90 MP: 2/21
   848 | D        | Got the +6 battleaxe of Esuqutis {spect, rElec rF+ Will+
                  | Int+3}
  1070 | D        | Acquired the +3 Elemental Staff {rElec rF++ rC++ Will++
                  | AC+5}
  1071 | D        | Found the +3 Elemental Staff {rElec rF++ rC++ Will++ AC+5}
  1205 | D        | Entered arena 10.
  1205 | D        | Noticed a vault guard
  1205 | D        | Noticed an ironbound preserver
  1205 | D        | Noticed a vault guard
  1205 | D        | Noticed a vault guard
  1205 | D        | Noticed a wizard
  1205 | D        | Noticed an ironbound frostheart
  1205 | D        | Noticed a yaktaur captain
  1205 | D        | Noticed a vault guard
  1206 | D        | Found a transporter.
  1213 | D        | Killed an ironbound preserver
  1213 | D        | Killed a vault guard
  1214 | D        | Reached skill level 15 in Shields
  1216 | D        | Killed a vault guard
  1217 | D        | Reached skill level 16 in Shields
  1217 | D        | Killed an ironbound frostheart
  1217 | D        | Killed a yaktaur captain
  1218 | D        | Reached skill level 15 in Invocations
  1218 | D        | Killed a vault guard
  1219 | D        | Killed a wizard
  1220 | D        | Killed a vault guard
  1221 | D        | Reached skill level 17 in Shields
  1221 | D        | Reached XP level 12. HP: 21/97 MP: 16/24
  1516 | D        | Got the Catalogue of Moulding
  1701 | D        | Entered arena 11.
  1701 | D        | Noticed a thrashing horror
  1703 | D        | Found a transporter.
  1705 | D        | Killed a thrashing horror
  1706 | D        | Reached skill level 10 in Fighting
  1719 | D        | Got the +0 pair of gloves of Parlour Games {Rampage rElec
                  | Int-2 Stlth+}
  1725 | D        | Got the Incunabulum of Lightness
  1764 | D        | Entered arena 12.
  1764 | D        | Noticed a lich
  1765 | D        | Found a transporter.
  1765 | D        | Noticed a vampire mage
  1766 | D        | Killed a lich
  1767 | D        | Reached skill level 15 in Axes
  1772 | D        | Killed a vampire mage
  1773 | D        | Reached skill level 10 in Armour
  2029 | D        | Entered arena 13.
  2029 | D        | Noticed an azure jelly
  2029 | D        | Noticed a great orb of eyes
  2030 | D        | Noticed an azure jelly
  2031 | D        | Killed a great orb of eyes
  2034 | D        | Killed an azure jelly
  2035 | D        | Reached skill level 18 in Shields
  2037 | D        | Killed an azure jelly
  2038 | D        | Reached XP level 13. HP: 32/107 MP: 13/25
  2047 | D        | Found a transporter.
  2069 | D        | Got the ring of Nafukif {Fire rPois Str+4}
  2316 | D        | Entered arena 14.
  2317 | D        | Identified the amulet "Niezaar" {Acrobat rF++ rC+}
  2326 | D        | Found a transporter.
  2380 | D        | Got the ring of Ecarhucw {rF+ rC+}
  2382 | D        | Got Sif Muna's Volume of the Supportive Frostbite
  2393 | D        | Entered arena 15.
  2394 | D        | Noticed a shadow dragon
  2396 | D        | Found a transporter.
  2405 | D        | Killed from afar by a shadow dragon

Illustrated notes

Levels and vault maps discovered:
D:        sprint_v [room_start, room_1, room_2, room_3, room_4, room_5, room_6,
          room_7, room_8, room_9, room_10, room_11, room_12, room_13, room_14,
          room_15, room_16, room_17, room_18, room_19, room_20, room_21,
          room_22, room_23, room_24, room_25, room_26, room_27]

Skill      XL: |  1  2  3  4  5  6  7  8  9 10 11 12 13 |
---------------+----------------------------------------+-----
Fighting       | 5 6 7 8 9 11 12 | 12.1
Axes           | 4 5 6 7 8 10 12 14 15 | 15.7
Shields        | 6 7 8 9 10 12 14 17 18 | 18.4
Invocations    | 1 3 4 6 8 11 13 16 17 | 17.5
Armour         | 5 6 7 8 10 11 | 11.4
Dodging        | 2 3 4 5 6 8 9 |  9.3
Evocations     | 2 4 5 |  5.1

Action                   |  1- 3 |  4- 6 |  7- 9 | 10-12 | 13-15 || total
-------------------------+-------+-------+-------+-------+-------++-------
Melee: Broad axe         |     3 |    12 |    35 |    15 |       ||    65
       Battleaxe         |       |       |       |    21 |    19 ||    40
Invok: Upheaval          |       |       |     5 |     5 |     2 ||    12
       Disaster Area     |       |       |     1 |     1 |       ||     2
       Elemental Force   |       |       |       |     1 |       ||     1
Evoke: Phantom mirror    |       |       |       |       |     1 ||     1
  Use: Potion            |     2 |     1 |     5 |    12 |       ||    20
       Scroll            |       |       |       |     1 |       ||     1
 Stab: Distracted        |       |       |       |       |     1 ||     1
Armor: Plate armour      |     1 |     2 |    14 |     8 |       ||    25
Dodge: Dodged            |       |     6 |    14 |    12 |     4 ||    36
Block: Kite shield       |     1 |    16 |    78 |    63 |       ||   158
       Tower shield      |       |       |       |    15 |    10 ||    25

Table legend: (Time is in decaauts)
 A = Elapsed time spent in this place.
 B = Non-inter-level travel time spent in this place.
 C = Inter-level travel time spent in this place.
 D = Time resting spent in this place.
 E = Time spent auto-exploring this place.
 F = Levels seen in this place.
 G = Mean time per level.
                   A        B        C        D        E       F      G
               +--------+--------+--------+--------+--------+-----+--------+
         Total |   2409 |   2409 |      0 |   1621 |      0 |   1 | 2409.0 |
       Dungeon |   2409 |   2409 |      0 |   1621 |      0 |   1 | 2409.0 |
               +--------+--------+--------+--------+--------+-----+--------+

Top non-repeatable levels by time:
       D: 2409 daAuts
